 Dungeon Crawl Stone Soup version 0.29-a0-857-g9b1aa3ac5b (webtiles) character file.

Game seed: 11140849647953156887

4 LynnLen the Sneak (level 1, 0/10 HPs)
             Began as a Vampire Enchanter on July 17, 2022.
             Slain by a kobold
             ... wielding a +0 short sword
              (1 damage)
             ... on level 1 of the Dungeon.
             The game lasted 00:01:26 (116 turns).

LynnLen the Sneak (Vampire Enchanter)                Turns: 116, Time: 00:01:26

Health: 0/10       AC:  3    Str:  7    XL:     1   Next: 50%
Magic:  3/3        EV: 11    Int: 17    God:
Gold:   0          SH:  0    Dex: 14    Spells: 4/4 levels left

rFire   . . .      SeeInvis +   a - +1 dagger
rCold   + + .      Faith    .   (no shield)
rNeg    + + +      Spirit   .   d - +0 leather armour
rPois   ∞          Reflect  .   (no helmet)
rElec   .          Harm     .   (no cloak)
rCorr   .          Rampage  .   (no gloves)
Will    .....                   (no boots)
Stlth   +++++.....              (no amulet)
HPRegen 0.00/turn               (no ring)
MPRegen 0.08/turn               (no ring)

@: bloodless, inhibited regen
A: bloodless, fangs 3, see invisible, vampiric 1
a: Revivify


You were on level 1 of the Dungeon.
You visited 1 branch of the dungeon, and saw 1 of its levels.

Inventory:

Hand Weapons
 a - a +1 dagger (weapon)
Armour
 d - a +0 leather armour (worn)
Scrolls
 b - a scroll of vulnerability {unknown}
Potions
 c - 2 potions of invisibility


   Skills:
 * Level 0.2 Fighting
 * Level 1.2 Short Blades
 + Level 2.2 Dodging
 + Level 4.6 Stealth
 - Level 2.0 Spellcasting
 - Level 4.4 Hexes


You had 4 spell levels left.
You didn't know any spells.
Your spell library contained the following spells:

 Spells                   Type           Power      Damage    Failure   Level
 Confusing Touch          Hex            16%        N/A       14%         3
 Tukima's Dance           Hex            16%        N/A       14%         3
 Ensorcelled Hibernation  Hex/Ice        18%        N/A       19%         2
 Dazzling Flash           Conj/Hex       18%        N/A       34%         3


Dungeon Overview and Level Annotations

Branches:
Dungeon (1/15)

Altars:


Innate Abilities, Weirdness & Mutations

You do not regenerate when monsters are visible.
You are frail without blood (-20% HP).
You can heal yourself when you bite living creatures.
You are immune to poison.
You have razor-sharp teeth.
You have supernaturally acute eyesight. (SInv)
You are afflicted with vampirism.


Message History

The bat barely misses you.
You closely miss the bat. The bat barely misses you. The bat hits you.
The bat hits you but does no damage. The bat closely misses you.
The bat misses you.
You hit the bat.
The bat is moderately wounded.
The bat closely misses you. The bat closely misses you.
The bat completely misses you.
You closely miss the bat.
The bat is moderately wounded.
The bat misses you. The bat hits you.
You closely miss the bat.
The bat is moderately wounded.
The bat hits you but does no damage. The bat hits you.
You hit the bat.
You kill the bat!
Found 13 gold pieces.
You see here a bat corpse.
A quokka comes into view.
A quokka and a kobold come into view.
The helpless quokka fails to defend itself.
You bite the quokka, and draw its blood!
You feel better.
You impale the quokka!!
You kill the quokka!
You see here a quokka corpse.
The kobold shouts!
You see here a quokka corpse.
The kobold attacks as you move away!
The kobold hits you with a +0 short sword.
The kobold hits you with a +0 short sword.
* * * LOW HITPOINT WARNING * * *
You see here a bat corpse.
You closely miss the kobold. Your bite misses the kobold.
The kobold hits you but does no damage.
You hit the kobold. You bite the kobold, but do no damage.
The kobold is severely wounded.
The kobold hits you with a +0 short sword.
You die...

#### ##...## ##.....##
########### #.......#
##.......... #.......#
#########..#########
#......†###rK@......##
##..........#########
# #.........## #
#....$..##.... #
#.......######.#
#.......# ##.....##
##...# ####


You could see a quokka and a kobold.

Vanquished Creatures
  A bat (D:1)
  A quokka (D:1)
  A ball python (D:1)
  A kobold (D:1)
4 creatures vanquished.

Notes
Turn   | Place    | Note
-------+----------+-------------------------------------------
     0 | D:1      | LynnLen the Vampire Enchanter began the quest for the Orb.
     0 | D:1      | Reached XP level 1. HP: 13/13 MP: 3/3
   116 | D:1      | Slain by a kobold

Illustrated notes

Levels and vault maps discovered:
D:1:      wheals_arrival_linesprint, layout_rooms

Action                   || total
-------------------------++-------
Melee: Dagger            ||    10
       Bite              ||     1
 Abil: Exsanguinate      ||     1
 Stab: Sleeping          ||     2
Armor: Leather armour    ||     3
Dodge: Dodged            ||    10

Table legend: (Time is in decaauts)
 A = Elapsed time spent in this place.
 B = Non-inter-level travel time spent in this place.
 C = Inter-level travel time spent in this place.
 D = Time resting spent in this place.
 E = Time spent auto-exploring this place.
 F = Levels seen in this place.
 G = Mean time per level.
                   A        B        C        D        E       F      G
               +--------+--------+--------+--------+--------+-----+--------+
         Total |    115 |    115 |      0 |      0 |     37 |   1 |  115.0 |
       Dungeon |    115 |    115 |      0 |      0 |     37 |   1 |  115.0 |
               +--------+--------+--------+--------+--------+-----+--------+

Top non-repeatable levels by time:
     D:1: 115 daAuts
